AoeStats
← NORTHLANDER

Four Lakes

508250340Analyzed
1v1 RM · 10d ago on Sep 21, 2026· 31m 25s· 2 players
Game mode
Random Map
Map size
Tiny (2 player)
Population
200
Speed
Normal
Resources
Standard
Victory
Conquest
Starting age
Dark Age
Ending age
Imperial Age
RankedLock teamsTeams togetherTeam positionsShared explorationLock speedFull tech treeHidden civsTurbo modeCheats
Victory
Defeat
🇺🇸 Japanese · United States
879
+18
🇸🇪 Persians · Sweden
912
-43
Forger1962
9:52 Loom
11:46 Feudal Age
16:38 Castle Age
16:28 Wheelbarrow
18:09 Scale Mail Armor
18:23 Forging
28:29 Imperial Age
NORTHLANDER
8:13 Loom
11:08 Feudal Age
14:24 Wheelbarrow
18:49 Castle Age
17:10 Scale Barding Armor
18:34 Bloodlines
25:01 Forging
25:23 Fletching
Connection lost

Rejoining the realm…

Still unreachable

The connection could not be restored.

Session expired

The server has moved on; the page needs a fresh start.